 Dungeon Crawl Stone Soup version 0.27-a0-1101-ge311f74bc8 (webtiles) character file.

Game seed: 4641681650742675169

118 wakim the Shield-Bearer (level 5, 0/42 HPs)
             Began as a Formicid Fighter on Apr 28, 2021.
             Slain by a black bear (5 damage)
             ... on level 4 of the Dungeon.
             The game lasted 00:06:29 (2751 turns).

wakim the Shield-Bearer (Formicid Fighter)          Turns: 2751, Time: 00:06:30

Health: 0/42       AC:  9    Str: 22    XL:     5   Next: 23%
Magic:  5/5        EV:  6    Int:  7    God:
Gold:   193        SH:  9    Dex: 10    Spells: 4/4 levels left

rFire    . . .     SeeInvis +   a - +0 long sword (flame)
rCold    . . .     Faith    .   c - +0 kite shield
rNeg     . . .     Spirit   .   l - +0 chain mail
rPois    .         Reflect  .   (helmet unavailable)
rElec    .         Harm     .   (no cloak)
rCorr    .         Rampage  .   (no gloves)
Will     .....                  (no boots)
Stlth    ..........             (no amulet)
HPRegen  0.14/turn              (no ring)
MPRegen  0.09/turn              (no ring)

@: no status effects
A: permanent stasis, dig shafts and tunnels, antennae 3, four strong arms
a: Dig, Shaft Self


You were on level 4 of the Dungeon.
You visited 1 branch of the dungeon, and saw 4 of its levels.

You collected 193 gold pieces.

Inventory:

Hand Weapons
 a - a +0 long sword of flaming (weapon)
Missiles
 b - 17 arrows
Armour
 c - a +0 kite shield (worn)
 l - a +0 chain mail (worn)
Jewellery
 d - a ring of fire
Scrolls
 r - a scroll of identify
 R - a scroll of magic mapping {!r}
Potions
 e - a potion of berserk rage {unknown}
 f - a potion of ambrosia {unknown}
 g - a potion of lignification {unknown}
 j - 2 potions of attraction {unknown}
 k - a potion of curing {unknown}
 J - 2 potions of heal wounds
 N - 2 potions of might


   Skills:
 + Level 4.1 Fighting
 + Level 3.0 Long Blades
 + Level 4.1 Armour
 + Level 4.5 Shields


You had 4 spell levels left.
You didn't know any spells.
Your spell library was empty.

Dungeon Overview and Level Annotations

Branches:
Dungeon (4/15)
 Temple: D:4-7

Altars:

Annotations:
D:3 Grinder


Innate Abilities, Weirdness & Mutations

You cannot be hasted, slowed, berserked, paralysed or teleported.
You can dig through walls and to a lower floor.
You have a pair of large antennae on your head. (SInv)
Your four strong arms can wield two-handed weapons with a shield.


Message History

The black bear bites you but does no damage.
The black bear claws you but does no damage. x2
The black bear bites you but does no damage.
The black bear claws you.
The black bear claws you but does no damage.
You hit the black bear. You burn the black bear.
The black bear is heavily wounded.
The black bear bites you but does no damage.
The black bear barely misses you.
The black bear claws you but does no damage.
Your chain mail prevents you from hitting the black bear.
The black bear is heavily wounded.
The black bear bites you but does no damage.
The black bear barely misses you. You block the black bear's attack.
You hit the black bear. You burn the black bear.
The black bear is severely wounded.
The black bear bites you. You block the black bear's attack.
The black bear barely misses you.
The black bear bites you but does no damage.
You block the black bear's attack. x2
You hit the black bear but do no damage.
The black bear is severely wounded.
The black bear bites you but does no damage.
You block the black bear's attack. The black bear closely misses you.
You hit the black bear. You burn the black bear.
The black bear is severely wounded.
The black bear goes berserk!
The black bear bites you!
* * * LOW HITPOINT WARNING * * *
The black bear closely misses you. The black bear claws you.
* * * LOW HITPOINT WARNING * * *
You hit the black bear. You burn the black bear.
The black bear is severely wounded.
The black bear bites you.
* * * LOW HITPOINT WARNING * * *
The black bear barely misses you.
The black bear claws you but does no damage.
The black bear bites you.
* * * LOW HITPOINT WARNING * * *
You block the black bear's attack. The black bear claws you.
You die...

******,,,,,****** *,***,* *,*
,,,,,,,,,,,,,,,,* *,* *,* *,*
,,****+**,,****,***,* *,* *,***
,,*≈≈≈≈≈*,,* *,,,,,* *,* *,,,,
*,*≈≈≈≈≈*,,* ****###**,*****,***
,,*≈≈∩≈≈*,,* *..,,,,,,,,*,***
,,*≈≈≈≈≈*,,** *.#***,***,,,,,,
,,*******,,,######.####.##***,,**
,,,,,,,,,,,,#...@h#.......,,,,,**
,*,****,*,*,#.####.##*********,**
,<,* **,**,#,*##...## *,** ,,,**
****,#.##h###.####### *,** ,,,,*
*,,,...* #.......# *,*, ,,,,*
*##.##.###.#####.# *,** ,,,,*
**#...##<..## #.# *,** ,,,**
*.........## #.# *,* ,,**
*.#...###.# #.# *,*


You could see a black bear (berserk).

Vanquished Creatures
  An iguana (D:3)
  A hound skeleton (D:4)
  2 adders
  2 worms (D:3)
  A dart slug (D:3)
  7 orcs
  4 bats
  3 endoplasms
  2 giant cockroaches
  2 goblins (D:1)
  6 hobgoblins
  3 quokkas
  5 ball pythons
  3 frilled lizards
  3 kobolds
  2 rats (D:1)
47 creatures vanquished.

Vanquished Creatures (others)
  4 toadstools (D:1)
4 creatures vanquished.

Grand Total: 51 creatures vanquished

Notes
Turn   | Place    | Note
-------+----------+-------------------------------------------
     0 | D:1      | wakim the Formicid Fighter began the quest for the Orb.
     0 | D:1      | Reached XP level 1. HP: 18/18 MP: 1/1
   142 | D:1      | Reached XP level 2. HP: 21/24 MP: 2/2
   544 | D:2      | Reached XP level 3. HP: 29/29 MP: 3/3
  1693 | D:3      | Reached XP level 4. HP: 36/37 MP: 4/4
  2339 | D:3      | Noticed Grinder
  2589 | D:4      | Reached XP level 5. HP: 42/42 MP: 5/5
  2735 | D:4      | Noticed a black bear
  2751 | D:4      | Slain by a black bear

Illustrated notes

Levels and vault maps discovered:
D:1:      ldierk_water_garden, layout_rooms, minmay_domino_4
D:2:      layout_basic
D:3:      layout_rooms, kennysheep_cross_room, uniq_grinder
D:4:      layout_loops_ring, portal_sewer_entry_c, uniq_sigmund, uniq_pikel

Skill      XL: |  1  2  3  4  5 |
---------------+----------------+-----
Shields        | 4 |  4.5
Fighting       | 4 |  4.1
Armour         | 4 |  4.1
Long Blades    | 3 |  3.0

Action                   |  1- 3 |  4- 6 || total
-------------------------+-------+-------++-------
Melee: Long sword        |   107 |    61 ||   168
 Abil: Dig               |     1 |       ||     1
  Use: Scroll            |     4 |     1 ||     5
Armor: Scale mail        |    41 |       ||    41
       Chain mail        |    12 |    33 ||    45
Dodge: Dodged            |    40 |    22 ||    62
Block: Kite shield       |    55 |    37 ||    92
       Rpst.: Long sword |    15 |     7 ||    22

Table legend: (Time is in decaauts)
 A = Elapsed time spent in this place.
 B = Non-inter-level travel time spent in this place.
 C = Inter-level travel time spent in this place.
 D = Time resting spent in this place.
 E = Time spent auto-exploring this place.
 F = Levels seen in this place.
 G = Mean time per level.
                   A        B        C        D        E       F      G
               +--------+--------+--------+--------+--------+-----+--------+
         Total |   2826 |   2652 |    174 |      0 |   2078 |   4 |  706.5 |
       Dungeon |   2826 |   2652 |    174 |      0 |   2078 |   4 |  706.5 |
               +--------+--------+--------+--------+--------+-----+--------+

Top non-repeatable levels by time:
     D:3: 1128 daAuts
     D:2: 961 daAuts
     D:1: 551 daAuts
     D:4: 185 daAuts
